cohdb
Replays
Latest Replays
All Replays
Popular Replays
Top Player Replays
Match Explorer
How It Works
Community
CoH3 Stats
Reddit
Sign in to upload your games and track your stats! →
Sign in with Steam
Match 41562590
Unlisted
Match 41562590
Overview
Messages
Build Orders
End
Construct Infanterie Kompanie
Selects Terror Battlegroup
Grenadier Squad
Grenadier Squad
Grenadier Squad
Construct Panzergrenadier Kompanie
251 Medium Carrier
Selects Heavy Gunnery
Pak 40 Anti-tank Gun Team
Panzergrenadier Squad
Panzergrenadier Officer Quarters
Support Elements
Nebelwerfer 42 Rocket Launcher Team
StuG III G Assault Gun
Panzergrenadier Squad
Selects Defend the Fatherland
Panzergrenadier Squad
Nebelwerfer 42 Rocket Launcher Team
Grenadier Squad
StuG III G Assault Gun
Selects King Tiger Heavy Tank
Nebelwerfer 42 Rocket Launcher Team
Mr Freemon
Nefris
COLYT
bbqdodo
[PD]No_Option
Exf
Gravey
七杆大长枪
0
0
Comments
sign in to comment!
No comments posted yet!